 Dungeon Crawl Stone Soup version 0.28.0-43-g3370ac3207 (webtiles) character file.

Game seed: 366796995679365761

1104 ChongLi the Martial Artist (level 8, -3/46 HPs)
             Began as a Tengu Monk on Mar 12, 2022.
             Was a Believer of Wu Jian.
             Killed by divine providence
             ... invoked by an orc priest
              (13 damage)
             ... on level 6 of the Dungeon.
             The game lasted 00:28:00 (7295 turns).

ChongLi the Martial Artist (Tengu Monk)             Turns: 7295, Time: 00:28:00

Health: -3/46      AC:  3    Str: 15    XL:     8   Next: 32%
Magic:  9/9        EV: 15    Int: 10    God:    Wu Jian [**....]
Gold:   241        SH:  5    Dex: 16    Spells: 7/7 levels left

rFire   . . .      SeeInvis .     - Unarmed
rCold   . . .      Faith    .   (no shield)
rNeg    + . .      Spirit   .   a - +1 robe
rPois   .          Reflect  +   (helmet restricted)
rElec   .          Harm     .   (no cloak)
rCorr   .          Rampage  .   (no gloves)
Will    .....                   (boots unavailable)
Stlth   ++........              O - amulet of reflection
HPRegen 0.15/turn               g - ring of positive energy
MPRegen 0.11/turn               (no ring)

@: on berserk cooldown, flying quickly and evasively, slowed, very slow
A: beak, talons 3, nimble flight
a: Renounce Religion, Wall Jump


You were on level 6 of the Dungeon.
You worshipped Wu Jian.
Wu Jian was pleased with you.
You visited 2 branches of the dungeon, and saw 7 of its levels.

You collected 241 gold pieces.

Inventory:

Missiles
 F - 2 boomerangs
 G - 5 poisoned darts (quivered)
 H - 5 silver javelins
Armour
 a - a +1 robe (worn)
 t - a +1 leather armour of positive energy
Jewellery
 g - a ring of positive energy (left hand)
 O - an amulet of reflection (around neck)
Wands
 C - a wand of polymorph (16)
 N - a wand of paralysis (24)
 P - a wand of flame (15)
Scrolls
 d - 3 scrolls of blinking {!r}
 e - 3 scrolls of fear {!r}
 f - a scroll of enchant weapon
 K - a scroll of vulnerability
Potions
 b - 2 potions of haste {!q}
 D - a potion of might {unknown}
 E - a potion of magic {unknown}
 I - a potion of invisibility {unknown}
 J - a potion of curing {!q}
 L - a potion of degeneration {unknown}


   Skills:
 - Level 3.0 Fighting
 - Level 3.2 Dodging
 - Level 2.0 Stealth
 + Level 11.0 Unarmed Combat


You had 7 spell levels left.
You didn't know any spells.
Your spell library contained the following spells:

 Spells                   Type           Power      Damage    Failure   Level
 Freeze                   Ice            0%         1d3       36%         1
 Frozen Ramparts          Ice            0%         1d2       75%         3
 Hailstorm                Conj/Ice       0%         3d3       98%         4


Dungeon Overview and Level Annotations

Branches:
Dungeon (6/15)             Temple (1/1) D:4

Altars:
Ashenzari
Cheibriados
Dithmenos
Elyvilon
Fedhas
Gozag
Hepliaklqana
Kikubaaqudgha
Makhleb
Nemelex Xobeh
Okawaru
Qazlal
Ru
Sif Muna
Trog
Uskayaw
Vehumet
Wu Jian
Xom
Yredelemnul
Zin
The Shining One

Shops:
D:2 *

Annotations:
D:4 3 runed translucent doors, safid's ghost, amateur HOFi
D:5 2 transporters


Innate Abilities, Weirdness & Mutations

You have a beak for a mouth.
You have claws for feet.
Your magical nature lets you fly swiftly and evasively.


Message History

You are exhausted.
You feel yourself slow down.
You feel sick.
Your Unarmed Combat skill increases to level 11!
You punch the orc priest! You claw the orc priest.
Your peck misses the orc priest.
The orc priest is almost dead.
You feel very sick. The orc priest closely misses you.
Something barely misses you.
You feel very sick.
The orc priest calls down the wrath of Beogh upon you.
Pain shoots through your body!
* * * LOW HITPOINT WARNING * * *
The orc closely misses you. Something hits you.
* * * LOW HITPOINT WARNING * * *
The orc priest hits you with a +0 hand axe.
* * * LOW HITPOINT WARNING * * *
The orc misses you. Something hits you.
* * * LOW HITPOINT WARNING * * *
Things that are here:
a +1 dagger of venom; a +0 leather armour; an orc corpse Really quaff
J - 3 potions of curing {!q}?
You feel better.
The orc priest calls down the wrath of Beogh upon you.
Pain shoots through your body!
* * * LOW HITPOINT WARNING * * *
You block the orc's attack.
You hear some strange, mumbled words.
You are confused.
You barely miss the orc priest.
You claw the orc priest, but do no damage.
You peck the orc priest, but do no damage.
The orc priest is almost dead.
The orc priest closely misses you. The orc hits you but does no damage.
Something hits you.
* * * LOW HITPOINT WARNING * * *
Really quaff
J - 2 potions of curing {!q}?
You feel better.
The orc priest invokes the aid of Beogh against you.
Beogh smites you!
You die...

#.....#. #.....' ..#
#.....# ....
#.....##.... .
#..^........
..###...........
...'............
#............
#...oQ)##... #
#...o..## +.
#.......# #..
#......##
##..########......##
...........#.......#
...........#.......#
#.<................#
# ##.....#......#


You could see an orc priest and an orc.

Vanquished Creatures
  2 necrophages
  A centaur (D:5)
  A scorpion (D:4)
  2 water moccasin skeletons
  A howler monkey (D:5)
  A centaur zombie (D:6)
  3 bullfrog zombies
  3 hounds
  2 orc priests (D:6)
  Jessica (D:2)
  Ijyb (D:3)
  3 iguanas
  An orc wizard (D:6)
  A hound zombie (D:5)
  5 gnolls
  7 adders
  A white imp (D:6)
  An ufetubus (D:5)
  A worm (D:2)
  10 orcs
  5 ball pythons
  2 bats (D:2)
  4 endoplasms
  3 giant cockroaches
  7 goblins
  8 hobgoblins
  3 jackals (D:3)
  3 kobolds
  3 quokkas
  4 frilled lizards
  5 rats
95 creatures vanquished.

Notes
Turn   | Place    | Note
-------+----------+-------------------------------------------
     0 | D:1      | ChongLi the Tengu Monk began the quest for the Orb.
     0 | D:1      | Reached XP level 1. HP: 14/14 MP: 2/2
   228 | D:1      | Reached XP level 2. HP: 19/19 MP: 3/3
   272 | D:1      | Reached skill level 4 in Unarmed Combat
   571 | D:2      | Reached XP level 3. HP: 21/23 MP: 4/4
   632 | D:2      | Found Cibruag's General Store.
   738 | D:2      | Reached skill level 5 in Unarmed Combat
  1426 | D:2      | Reached XP level 4. HP: 8/28 MP: 5/5
  1771 | D:2      | Noticed Jessica
  1775 | D:2      | Killed Jessica
  2255 | D:3      | Reached skill level 6 in Unarmed Combat
  2281 | D:3      | Gained mutation: Your magical nature lets you fly swiftly
                  | and evasively. [Tengu growth]
  2281 | D:3      | Reached XP level 5. HP: 15/32 MP: 6/6
  2291 | D:3      | HP: 3/32 [poisoned by an adder]
  3110 | D:3      | Found a bloodstained altar of Trog.
  3180 | D:3      | Found a faded altar of an unknown god.
  3488 | D:3      | Noticed Ijyb
  3975 | D:4      | Found a runed translucent gate.
  3975 | D:4      | Found a runed translucent gate.
  3975 | D:4      | Found a runed translucent gate.
  3976 | D:4      | Found an opulent altar of Gozag.
  3977 | D:4      | Noticed safid's ghost (amateur HOFi)
  4012 | D:4      | Found a staircase to the Ecumenical Temple.
  4023 | Temple   | Entered the Ecumenical Temple
  4100 | Temple   | Became a worshipper of the Wu Jian Council
  4100 | Temple   | Reached * piety under Wu Jian
  4100 | Temple   | Reached ** piety under Wu Jian
  4175 | D:4      | Reached skill level 7 in Unarmed Combat
  4175 | D:4      | Reached XP level 6. HP: 21/37 MP: 7/7
  4540 | D:4      | Reached skill level 8 in Unarmed Combat
  4897 | D:3      | Killed Ijyb
  5038 | D:5      | Entered Level 5 of the Dungeon
  5281 | D:5      | Identified the +0 pair of gloves of Day {rC+ Will- Regen+
                  | Int+2}
  5645 | D:5      | Reached XP level 7. HP: 41/41 MP: 8/8
  5875 | D:5      | Reached skill level 9 in Unarmed Combat
  6324 | D:5      | Found a transporter.
  6338 | D:5      | Found a transporter.
  6730 | D:5      | Reached skill level 10 in Unarmed Combat
  6781 | D:6      | Reached XP level 8. HP: 39/46 MP: 9/9
  7291 | D:6      | Reached skill level 11 in Unarmed Combat
  7292 | D:6      | HP: 2/46 [something (3)]
  7295 | D:6      | Killed from afar by an orc priest

Illustrated notes

Levels and vault maps discovered:
D:1:      giann_bridges, layout_basic
D:2:      layout_loops_ring, serial_shops, nicolae_shop_waterfront, uniq_jessica
D:3:      kennysheep_goblin_castle, layout_loops_corners, bloody_trog,
          chequers_ecumenical_altar_island
D:4:      layout_cave_pools, minmay_temple_entry_statues_fountains,
          ebering_ghost_gozag, minmay_between
D:5:      gammafunk_wand_slinger, layout_basic, bh_walls_and_bars
D:6:      layout_gridville, minmay_crossroads, uniq_crazy_yiuf_cottage
Temple:   grunt_wide_crystal_templ

Skill      XL: |  1  2  3  4  5  6  7  8 |
---------------+-------------------------+-----
Unarmed Combat | 4 5 6 7 8 10 11 | 11.0
Fighting       | |  3.0
Dodging        | |  3.2
Stealth        | |  2.0

Action                   |  1- 3 |  4- 6 |  7- 9 || total
-------------------------+-------+-------+-------++-------
Melee: Unarmed           |    59 |   136 |    85 ||   280
       Kick              |    14 |    41 |    33 ||    88
       Peck              |     8 |    31 |    17 ||    56
       Punch             |     1 |     3 |     8 ||    12
Invok: Whirlwind         |       |    39 |    47 ||    86
       Lunge             |       |     7 |     7 ||    14
 Abil: Wall Jump         |       |     1 |     1 ||     2
  Use: Scroll            |       |     3 |     6 ||     9
       Potion            |       |     1 |     3 ||     4
 Stab: Sleeping          |     4 |    10 |     2 ||    16
       Distracted        |       |     1 |       ||     1
Armor: Robe              |     9 |     6 |     8 ||    23
Dodge: Dodged            |    38 |    67 |    41 ||   146
Block: Other             |       |       |     8 ||     8
